 Dungeon Crawl Stone Soup version 0.27.1-3-gb3d3a73c9e (webtiles) character file.

Game seed: 1537088745024179098

116 AZSletch the Ducker (level 4, -3/35 HPs)
             Began as a Demonspawn Gladiator on Oct 7, 2021.
             Was an Initiate of Makhleb.
             Slain by an iguana (10 damage)
             ... in the Ecumenical Temple.
             The game lasted 00:11:14 (3637 turns).

AZSletch the Ducker (Demonspawn Gladiator)          Turns: 3637, Time: 00:11:15

Health: -3/35      AC:  5    Str: 14    XL:     4   Next: 69%
Magic:  4/4        EV: 13    Int: 10    God:    Makhleb [......]
Gold:   132        SH:  0    Dex: 15    Spells: 3/3 levels left

rFire    . . .     SeeInvis .   r - +0 short sword (vamp)
rCold    . . .     Faith    .   (no shield)
rNeg     . . .     Spirit   .   b - +0 leather armour
rPois    .         Reflect  .   c - +0 helmet
rElec    .         Harm     .   (no cloak)
rCorr    .         Rampage  .   p - +0 pair of gloves
Will     .....                  (no boots)
Stlth    +.........             (no amulet)
HPRegen  0.11/turn              (no ring)
MPRegen  0.09/turn              (no ring)

@: no status effects
A: demonic guardian 1
a: Renounce Religion


You were in the Ecumenical Temple.
You worshipped Makhleb.
Makhleb was noncommittal.
You visited 2 branches of the dungeon, and saw 5 of its levels.

You collected 212 gold pieces.
You spent 80 gold pieces at shops.

Inventory:

Hand Weapons
 a - a +0 trident
 r - a +0 vampiric short sword (weapon)
Missiles
 d - 2 throwing nets
 k - 2 javelins (quivered)
 l - 25 stones
Armour
 b - a +0 leather armour (worn)
 c - a +0 helmet (worn)
 p - a +0 pair of gloves (worn)
Wands
 s - a wand of digging (5)
Scrolls
 e - a scroll of enchant armour {unknown}
 g - a scroll of identify {unknown}
 h - a scroll of vulnerability {unknown}
 m - 2 scrolls of magic mapping {unknown}
 n - a scroll of acquirement {unknown}
Potions
 f - 2 potions of resistance {unknown}
 i - a potion of degeneration {unknown}
 j - 3 potions of heal wounds
 o - a potion of attraction {unknown}
 q - 3 potions of curing


   Skills:
 + Level 3.2 Fighting
 + Level 0.1 Short Blades
 - Level 2.6 Polearms
 - Level 1.7 Throwing
 + Level 2.0 Armour
 + Level 3.6 Dodging
 + Level 0.1 Invocations


You had 3 spell levels left.
You didn't know any spells.
Your spell library contained the following spells:

 Spells                   Type           Power      Damage    Failure   Level
 Beastly Appendage        Tmut           0%         N/A       43%         1
 Corona                   Hex            0%         N/A       43%         1
 Ensorcelled Hibernation  Hex/Ice        0%         N/A       56%         2
 Wereblood                Tmut           0%         N/A       56%         2
 Spider Form              Tmut/Pois      0%         N/A       80%         3
 Tukima's Dance           Hex            0%         N/A       80%         3
 Fireball                 Conj/Fire      0%         3d3       100%        5
 Starburst                Conj/Fire      0%         6d3       100%        6
 Ignition                 Fire           0%         3d3       100%        8


Dungeon Overview and Level Annotations

Branches:
Dungeon (4/15)             Temple (1/1) D:4

Altars:
Ashenzari
Dithmenos
Elyvilon
Fedhas
Hepliaklqana
Makhleb
Okawaru
Qazlal
Ru
Sif Muna
Uskayaw
Vehumet
Wu Jian
Yredelemnul

Shops:
D:3 ![*

Annotations:
D:2 Natasha


Innate Abilities, Weirdness & Mutations

A weak demonic guardian rushes to your aid.


Message History

Throw: 4 javelins
Press: ? - help, Q - select action, (/) - cycle Shift-Dir - straight line, f - iguana
Aim: an iguana (heavily wounded, 63% to hit)
You throw a javelin. The javelin pierces through the iguana.
The iguana is heavily wounded.
Throw: 3 javelins
Press: ? - help, Q - select action, (/) - cycle Shift-Dir - straight line, f/p - iguana
Aim: an iguana (heavily wounded, 63% to hit)
You throw a javelin.
The javelin pierces through the iguana but does no damage.
The iguana is heavily wounded.
You hit the iguana but do no damage.
The iguana is heavily wounded.
The iguana bites you but does no damage.
You hit the iguana but do no damage.
The iguana is heavily wounded.
The iguana bites you!
* * * LOW HITPOINT WARNING * * *
There is a fountain of clear blue water here.
There is a staircase to the Ecumenical Temple here.
The iguana bites you but does no damage.
You climb downwards.
Welcome back to the Ecumenical Temple!
There is a staircase back to the Dungeon here.
Why would you want to do that? Why would you want to do that?
There is a staircase back to the Dungeon here.
There is a radiant altar of Vehumet here.
There is a white marble altar of Elyvilon here.
You closely miss the iguana.
The iguana is lightly wounded.
The iguana barely misses you.
You barely miss the iguana.
The iguana is lightly wounded.
The iguana closely misses you.
You completely miss the iguana.
The iguana is lightly wounded.
The iguana bites you.
* * * LOW HITPOINT WARNING * * *
You closely miss the iguana. The iguana bites you!
You die...

≈≈≈≈≈≈≈≈≈≈≈≈≈≈≈≈≈≈≈≈≈≈≈
≈≈≈≈≈≈≈≈≈≈≈≈≈≈≈≈≈≈≈≈≈≈≈
≈≈≈≈≈≈≈≈≈≈≈≈≈≈≈≈≈≈≈≈≈≈≈≈≈
≈≈≈≈≈≈≈≈≈≈≈≈≈≈≈≈≈≈≈≈≈≈≈≈≈
≈≈≈≈≈≈≈≈≈≈≈≈≈≈≈≈≈≈≈≈≈≈≈≈≈
≈≈≈≈≈≈≈≈≈≈≈...≈≈≈≈≈≈≈≈≈≈≈
≈≈≈≈≈≈≈≈≈≈≈.._..≈≈≈≈≈≈≈≈≈≈≈
≈≈≈≈≈≈≈≈≈.........≈≈≈≈≈≈≈≈≈
≈≈≈≈≈≈≈≈≈≈....@....≈≈≈≈≈≈≈≈≈≈
≈≈≈≈≈≈≈≈≈.._..l.._..≈≈≈≈≈≈≈≈≈
≈≈≈≈≈≈≈≈≈≈.........≈≈≈≈≈≈≈≈≈≈
≈≈≈≈≈≈≈≈≈≈...≈≈≈...≈≈≈≈≈≈≈≈≈≈
≈≈≈≈≈≈≈≈≈...≈≈≈≈≈...≈≈≈≈≈≈≈≈≈
≈≈≈≈≈≈≈≈...≈≈...≈≈...≈≈≈≈≈≈≈≈
≈≈≈≈≈≈≈≈......_......≈≈≈≈≈≈≈≈
≈≈≈≈≈≈≈.._........._..≈≈≈≈≈≈≈
≈≈≈≈≈≈≈≈...≈≈≈.......≈≈≈≈≈≈≈≈


You could see an iguana.

Vanquished Creatures
  Natasha (D:2)
  2 adders
  2 dart slugs
  5 orcs
  7 bats
  3 endoplasms
  5 giant cockroaches
  7 goblins
  8 hobgoblins
  3 kobolds
  4 quokkas
  3 ball pythons
  3 frilled lizards
  6 rats
59 creatures vanquished.

Vanquished Creatures (collateral kills)
  A rat (D:1)
1 creature vanquished.

Grand Total: 60 creatures vanquished

Notes
Turn   | Place    | Note
-------+----------+-------------------------------------------
     0 | D:1      | AZSletch the Demonspawn Gladiator began the quest for the
                  | Orb.
     0 | D:1      | Reached XP level 1. HP: 16/16 MP: 1/1
   125 | D:1      | Gained mutation: A weak demonic guardian rushes to your
                  | aid. [demonic ancestry]
   125 | D:1      | Reached XP level 2. HP: 15/22 MP: 2/2
   360 | D:1      | Reached skill level 1 in Armour
   926 | D:1      | Reached XP level 3. HP: 28/28 MP: 3/3
  1316 | D:2      | Noticed Natasha
  1336 | D:2      | Killed Natasha
  1774 | D:2      | Reached XP level 4. HP: 22/35 MP: 4/4
  1956 | D:2      | Noticed Natasha
  2026 | D:2      | HP: 1/35 [crimson imp[Natasha] (3)]
  2027 | D:3      | Found Feteghus's Antique Armour Boutique.
  2474 | D:3      | Found a faded altar of an unknown god.
  2553 | D:3      | Found Ygoli's Distillery.
  2561 | D:3      | Bought a potion of curing for 30 gold pieces
  2561 | D:3      | Bought a potion of heal wounds for 50 gold pieces
  2842 | D:3      | Found Kitaifesto's Assorted Antiques.
  3222 | D:2      | You fall into a shaft and drop 2 floors!
  3223 | D:4      | Found a staircase to the Ecumenical Temple.
  3232 | Temple   | Entered the Ecumenical Temple
  3445 | Temple   | Became a worshipper of Makhleb the Destroyer
  3637 | Temple   | Slain by an iguana

Illustrated notes

Levels and vault maps discovered:
D:1:      roderic_crossed_star, layout_basic, lemuel_old_faithful
D:2:      layout_loops_cross, grunt_decor_resistance, st_stairs_14, uniq_natasha
D:3:      layout_loops_ring, dilly_ecumenical_altar_fadedgnrine, serial_shops,
          shop, nicolae_shop_statue_plus, shop
D:4:      layout_layer_cave, kiku_gazebo_garden_becter, xom_butterflies,
          nicolae_gozag_cash_rules_everything_around_me, marbit_many_paths,
          minmay_temple_entry_junction, columned_hall_lemuel,
          minmay_misc_feat_columns, minmay_hollow_rounded_squares
Temple:   eino_temple_water

Skill      XL: |  1  2  3  4 |
---------------+-------------+-----
Dodging        | 3 |  3.6
Armour         | 1 2 |  2.0
Fighting       | 3 |  3.2
Short Blades   | |  0.1
Polearms       | |  2.6
Throwing       | |  1.7
Invocations    | |  0.1

Action                   |  1- 3 |  4- 6 || total
-------------------------+-------+-------++-------
Melee: Trident           |   111 |    48 ||   159
       Short sword       |       |    35 ||    35
Throw: Throwing net      |     3 |       ||     3
       Javelin           |       |     4 ||     4
 Stab: Sleeping          |     3 |       ||     3
Armor: Leather armour    |    47 |    32 ||    79
Dodge: Dodged            |    68 |    38 ||   106
